Cogmind - Beta 10.2 @@@ ROGUE MODE // 2021.08.21 @ 18:31:35 Player: Sanctumkeeper Result: Destroyed by G-34 Mercenary with Small Laser Performance ------------- Evolutions (0) 0 Regions Visited (2) 400 Robots Destroyed (26) 130 Value Destroyed (609) 609 Prototype IDs (0) 0 Alien Tech Used (0) 0 Bonus (0) 0 TOTAL SCORE: 1139 Bonus ------- None Cogmind --------- Core Integrity 0/250 Matter 295/300 Energy 159/160 System Corruption 0% Temperature Cool (6) Movement Rolling (150) Ox7 Location -10/Mines Parts ------- > --- POWER (1) -------- Light Nuclear Core > --- PROPULSION (2) --- Wheel > --- UTILITY (2) ------ High-capacity Storage Unit High-capacity Storage Unit > --- WEAPON (2) ------- Light Assault Rifle Light Assault Rifle > --- INVENTORY (20) --- Improved Heat Sink Cooling System Small Storage Unit Large Storage Unit Large Storage Unit High-capacity Storage Unit High-capacity Storage Unit Improved Signal Interpreter Improved Terrain Scan Processor Light Armor Plating Improved Light Armor Plating Improved Light Armor Plating Hacking Suite Hacking Suite Long-range Tractor Beam EM Pulse Gun Heavy EM Pulse Gun Heavy EM Pulse Gun Light Assault Rifle Grenade Launcher Peak State ------------ > --- POWER ------------ Light Nuclear Core > --- PROPULSION ------- Light Treads Wheel > --- UTILITY ---------- High-capacity Storage Unit High-capacity Storage Unit > --- WEAPON ----------- Light Assault Rifle Light Assault Rifle > --- INVENTORY -------- Improved Heat Sink Cooling System Small Storage Unit Large Storage Unit Large Storage Unit High-capacity Storage Unit High-capacity Storage Unit Improved Signal Interpreter Improved Terrain Scan Processor Light Armor Plating Improved Light Armor Plating Hacking Suite Long-range Tractor Beam EM Pulse Gun Heavy EM Pulse Gun Heavy EM Pulse Gun Light Assault Rifle Grenade Launcher [Rating: 12] Favorites ----------- Power Ion Engine Engine Ion Engine Power Core Light Nuclear Core Propulsion Wheel Treads Light Treads Wheel Wheel Utility High-capacity Storage Unit Storage High-capacity Storage Unit Weapon Light Assault Rifle Energy Gun Medium Laser Ballistic Gun Light Assault Rifle Build | -11 -10 -10 ------- Run | Scr Mat Min Slots Evolved . | . . . Power . | . . . Propulsion . | . . . Utility . | . . . Weapon . | . . . Parts Attached 20 | 6 7 7 Power 3 | 1 . 2 Engine 2 | 1 . 1 Core 1 | . . 1 Reactor . | . . . Propulsion 7 | 2 2 3 Treads 3 | 1 1 1 Leg . | . . . Wheel 4 | 1 1 2 Hover . | . . . Flight . | . . . Utility 3 | 1 2 . Device . | . . . Storage 3 | 1 2 . Processor . | . . . Hackware . | . . . Protection . | . . . Artifact . | . . . Weapon 7 | 2 3 2 Energy Gun 1 | 1 . . Energy Cannon . | . . . Ballistic Gun 6 | 1 3 2 Ballistic Cannon . | . . . Launcher . | . . . Special Weapon . | . . . Impact Weapon . | . . . Slashing Weapon . | . . . Piercing Weapon . | . . . Special Melee Weapon . | . . . Unidentified Prototypes . | . . . Parts Lost 11 | . 4 7 Power 2 | . . 2 Propulsion 6 | . 2 4 Utility . | . . . Weapon 3 | . 2 1 Highest Loss Streak 5 | . 2 5 Average Slot Usage (%) 99 | . 99 100 Engine 10 | . 14 3 Core 3 | . . 10 Treads 13 | . 13 14 Wheel 14 | . 14 14 Storage 27 | . 27 28 Ballistic Gun 27 | . 27 28 Naked Turns . | . . . Heaviest Build 72 | 12 72 71 Greatest Support 20 | 10 20 20 Greatest Overweight (x) 7 | 1 7 7 Average Overweight (x) 6 | . 6 6 Largest Inventory Capacity 20 | 6 20 20 Average Capacity 19 | 5 19 20 Most Carried 20 | 4 20 20 Average Carried 15 | 2 14 18 Final Capacity 20 | 6 20 20 Final Carried 20 | 4 20 20 Class Distribution -------------------- 81% | Hauler-Mutant 16% | Scavenger-Mutant Dominant Class ---------------- Hauler-Mutant | -10/Materials Hauler-Mutant | -10/Mines Resources | -11 -10 -10 ----------- Run | Scr Mat Min Matter Collected 661 | 245 338 78 Remotely . | . . . Salvage Created 880 | . 704 176 Parts 53 | . 45 8 Haulers Intercepted 2 | . 2 . Recyclers Shooed 1 | . . 1 Parts Field Recycled . | . . . Retrieved Matter . | . . . Parts Self-Destructed . | . . . Prevented . | . . . Kills | -11 -10 -10 ------- Run | Scr Mat Min Combat Hostiles Destroyed 19 | . 15 4 Guns 19 | . 15 4 Classes Destroyed 6 | . 6 . Worker 2 | . 2 . Hauler 2 | . 2 . Recycler 1 | . 1 . Operator 2 | . 2 . Swarmer 5 | . 5 . Grunt 14 | . 10 4 Best Kill Streak 7 | . 7 2 Combat Bots Only 6 | . 6 2 Max Kills in Single Turn 1 | . 1 1 Gunslinging . | . . . Exploded . | . . . Melee . | . . . Uniques/NPCs Destroyed . | . . . Combat | -11 -10 -10 -------- Run | Scr Mat Min Damage Taken 1345 | . 689 656 Core 251 | . 101 150 Absorbed by Shields . | . . . Core Remaining (%) 100 | 100 . . Volleys Fired 98 | . 74 24 Largest 2 | . 2 2 Hottest 40 | . 40 40 Shots Fired 196 | . 148 48 Gun 196 | . 148 48 Cannon . | . . . Launcher . | . . . Special . | . . . Kinetic 196 | . 148 48 Thermal . | . . . Explosive . | . . . Electromagnetic . | . . . Robot Hit Streak 18 | . 18 17 Robot Miss Streak 4 | . 4 3 Penetration Max . | . . . Secondary Targets 3 | . 2 1 Max Gunslinging Chain 1 | . 1 1 Shots Hit Robots 135 | . 97 38 Core Hits 54 | . 40 14 Critical Hits 2 | . 1 1 Critical Kills 2 | . 1 1 Critical Parts Destroyed . | . . . Melee Attacks . | . . . Impact . | . . . Slashing . | . . . Piercing . | . . . Sneak Attacks . | . . . Combat Hostiles . | . . . Follow-up Attacks . | . . . Damage Inflicted 1426 | . 1092 334 Guns 1400 | . 1073 327 Cannons . | . . . Explosions . | . . . Melee . | . . . Ramming 26 | . 19 7 Kinetic 1400 | . 1073 327 Thermal . | . . . Explosive . | . . . Electromagnetic . | . . . Impact . | . . . Slashing . | . . . Piercing . | . . . Highest Corruption . | . . . Average Corruption . | . . . Corruption Purged . | . . . Overload Shots . | . . . Overflow Damage . | . . . Projectiles . | . . . Explosions . | . . . Melee . | . . . Knockbacks . | . . . Impact . | . . . Kinetic . | . . . Secondary . | . . . Self-Inflicted Damage 8 | . 8 . Shots . | . . . Rammed 5 | . 3 2 Targets Rammed 5 | . 3 2 Kicked . | . . . Crushed . | . . . Highest Temperature 30 | . 18 30 Average Temperature 8 | . 7 10 Received Heat Transfer 642 | . 324 318 Siege Activations . | . . . Robots Corrupted . | . . . Combat Hostiles . | . . . Parts Fried . | . . . Impact Corruptions . | . . . Robots Melted . | . . . Combat Hostiles . | . . . Parts Melted . | . . . Heat Transferred . | . . . Parts Sabotaged . | . . . Parts Stolen . | . . . Parts Stripped . | . . . Power Chain Reactions . | . . . Missiles Intercepted . | . . . Alert | -11 -10 -10 ------- Run | Scr Mat Min Peak Influence 231 | . 231 119 Initial 64 | . . 64 Average 104 | . 135 57 Maximum Alert Level 1 | . 1 . Low Security (%) 87 | 100 80 100 Level 1 12 | . 19 . Level 2 . | . . . Level 3 . | . . . Level 4 . | . . . Level 5 . | . . . High Security . | . . . Max Security . | . . . Squads Dispatched 4 | . 4 . Investigation 3 | . 3 . Extermination . | . . . Reinforcement 1 | . 1 . Assault . | . . . Garrison . | . . . Intercept . | . . . Construction Impeded . | . . . Haulers Reinforced . | . . . Stealth | -11 -10 -10 --------- Run | Scr Mat Min Distress Signals 3 | . 3 . Communications Jammed . | . . . Distress Signals . | . . . Times Spotted 41 | . 34 7 Peak Tracking Total 6 | . 6 2 Tactical Retreats 2 | . 1 1 Traps | -11 -10 -10 ------- Run | Scr Mat Min Traps Triggered 2 | . . 2 Indirectly . | . . . Trap Hack Attempts . | . . . Triggered . | . . . Disarmed . | . . . Reprogrammed 6 | . 6 . Reused 1 | . 1 . Traps Extracted . | . . . Installed . | . . . Triggered 1 | . 1 . Machines | -11 -10 -10 ---------- Run | Scr Mat Min Machines Disabled . | . . . Max in Single Turn . | . . . Machines Sabotaged . | . . . Garrisons Compromised . | . . . Overloaded Fab Kills . | . . . Fab Network Shutdowns . | . . . Hacking | -11 -10 -10 --------- Run | Scr Mat Min Machines Accessed 9 | . 8 1 Terminals 6 | . 6 . Fabricators . | . . . Repair Stations . | . . . Recycling Units 2 | . 2 . Scanalyzers . | . . . Garrison Access . | . . . Total Hacks 27 | . 26 1 Successful 14 | . 13 1 Failed 13 | . 13 . Catastrophic . | . . . Database Lockouts . | . . . Manual 22 | . 22 . Terminals 23 | . 23 . Fabricators . | . . . Repair Stations . | . . . Recycling Units 3 | . 3 . Scanalyzers . | . . . Garrison Access . | . . . Terminal Hacks 7 | . 6 1 Robot Analysis 3 | . 3 . Open Door 1 | . . 1 Locate Traps 1 | . 1 . Reprogram Traps 1 | . 1 . Zone Layout 1 | . 1 . Fabricator Hacks . | . . . Repair Station Hacks . | . . . Recycling Unit Hacks 1 | . 1 . Report Inventory 1 | . 1 . Scanalyzer . | . . . Garrison Access Hacks . | . . . Unauthorized Hacks 6 | . 6 . Terminals 4 | . 4 . Botnet 4 | . 4 . Fabricators . | . . . Repair Stations . | . . . Recycling Units 2 | . 2 . Tunnel 2 | . 2 . Scanalyzers . | . . . Garrison Access . | . . . Data Cores Recovered 1 | . 1 . Used . | . . . Hacking Detections 5 | . 5 . Full Trace Events . | . . . Feedback Events . | . . . Feedback Blocked . | . . . Robot Schematics Acquired . | . . . Robots Built . | . . . Matter . | . . . Time . | . . . Total Robot Build Rating . | . . . Part Schematics Acquired . | . . . Parts Built . | . . . Matter . | . . . Time . | . . . Total Part Build Rating . | . . . Parts Repaired . | . . . Time . | . . . Parts Recycled . | . . . Recycled Matter . | . . . Retrieved Matter . | . . . Retrieved Components . | . . . Parts Scanalyzed . | . . . Part Schematics Acquired . | . . . Parts Damaged . | . . . Bothacking | -11 -10 -10 ------------ Run | Scr Mat Min Used RIF Installer . | . . . Robots Hacked . | . . . Non-combat . | . . . Combat . | . . . Robot Hacks Applied . | . . . Relay Couplers Released . | . . . Robots Rewired . | . . . Allies Hacked . | . . . Hacks Repelled . | . . . Allies | -11 -10 -10 -------- Run | Scr Mat Min Total Allies . | . . . Largest Group . | . . . Highest-Rated Group . | . . . Highest-Rated Ally . | . . . Total Orders . | . . . Ally Attacks . | . . . Total Damage . | . . . Kills . | . . . Allies Corrupted . | . . . Allies Melted . | . . . Intel | -11 -10 -10 ------- Run | Scr Mat Min Robot Analysis Total 3 | . 3 . Derelict Logs Recovered 1 | . . 1 Drone Launches . | . . . Drone Recoveries . | . . . Exploration | -11 -10 -10 ------------- Run | Scr Mat Min Turns Passed 1844 | 47 1140 657 Spaces Moved 998 | 40 589 369 Core 1 | 1 . . Treads 18 | . 9 9 Legs . | . . . Wheels 979 | 39 580 360 Hover . | . . . Flight . | . . . Fastest Speed 50 | 50 80 150 Average Speed 147 | 85 149 151 Slowest Speed 220 | 90 220 220 Overloaded Moves . | . . . Propulsion Burnouts . | . . . Robots Hopped . | . . . Cave-ins Triggered . | . . . Exploration Rate (%) 59 | 4 98 77 Regions Visited 2 Branch Regions 1 Pre-discovered Areas 3 | . 2 1 Known Exits Taken . | . . . Unknown Exits Taken 2 | 1 1 . Scrap Searched 1 | . . 1 Spaces Dug . | . . . Terrain Destroyed . | . . . Melee . | . . . Projectile . | . . . AOE . | . . . Terrain Rammed . | . . . Walls Destroyed . | . . . Machines Disabled . | . . . Actions | -11 -10 -10 --------- Run | Scr Mat Min Total 1191 | 49 715 427 Wait 36 | . 18 18 Move 996 | 39 588 369 Hop . | . . . Pick Up 31 | 4 21 6 Fast Attach 8 | 6 2 . Attach 10 | . 4 6 Detach 1 | . 1 . Swap 2 | . 1 1 Drop 4 | . 3 1 Fire 98 | . 74 24 Melee . | . . . Ram 2 | . 2 . Kick . | . . . Crush 3 | . 1 2 Escape Stasis . | . . . Rewire . | . . . Trap . | . . . Miscellaneous . | . . . Route ------- -11/Scrapyard -10/Materials (discovered 5 exits: [*Mat x3] / *Min x2) -10/Mines History --------- Turn | Location | Event 30 | -11/Scrapyard | Discovered new exit (range 16) 48 | -11/Scrapyard | Entered Materials 367 | -10/Materials | Build established: Hauler-Mutant 566 | -10/Materials | Discovered new exit (range 9) 637 | -10/Materials | Discovered new exit (range 13) 706 | -10/Materials | Discovered new exit (range 9) 814 | -10/Materials | Discovered new exit (range 5) 1066 | -10/Materials | Discovered new exit (range 5) 1188 | -10/Materials | Entered Mines 1251 | -10/Mines | Core integrity fell below 50% 1349 | -10/Mines | Core integrity fell below 20% 1378 | -10/Mines | Lost 5 parts (2p3n) 1403 | -10/Mines | Deemed a non-threat by the Exiles lab entrance 1504 | -10/Mines | Met a Derelict who couldn't figure out how to use a Trap Extractor 1845 | -10/Mines | Destroyed by G-34 Mercenary with Small Laser Last Messages --------------- 01521_ U-05 Engineer lays Concrete. 01524_ U-05 Engineer builds a Wall. 01525_ Acquired Hacking Suite. 01526_ Triggered Explosive Trap. 01526_ An explosion rips through the floor. 01526_ Machine disabled. 01526_ U-05 Engineer destroyed. 01531_ R-06 Scavenger collects Wheel. 01535_ R-06 Scavenger collects Carbon-fiber Leg. 01625_ Searching scrap... 01625_ Found Heat Sink. 01625_ Found Lgt. Assault Rifle. 01625_ Found Mining Claw. 01625_ Found Terrain Scanner. 01625_ Found 22 Matter. 01626_ Acquired 2 matter. 01629_ Dropped Lgt. Assault Rifle. 01776_ Acquired derelict log, extracted data. World map updated: -9/Materials. 01840_ Lgt. Treads destroyed. Map ----- +----------------------------------------------------+ | #???# #??????????????????## #??? | | ##??# ##????????????????## ##??? | | #### ##???????????##### ##???? | | #??????????## ##????? | | #??????????# #?????? | | ### ############ #?????? | | #?# ##?????? | | ##?# ###??????? | | ##??# ##### ### #????????? | | ########### ##???# #?## ####?????? | | #??####????# #??## #?????? | | #??????????# #???# #?????? | | ##### #??????????# ##### #?????? | | ????# ##?????????# ###?????? | | ###?# ##????????###### ##???????? | | ### ##????????????# #????????? | | #????????????## ##????????? | | #?????????????# #?????????? | | ### #????????????# #?????????? | | ##?## #??????????## ##?????????? | | #???## #????????## ##?????????? | | ##???? #????????# #?????????? | | ##???# ##?????#### #?????????? | | #????###??????# #?????????? | | #?????????????# ## ##?????????? | | ##???????###??## ## @##??????????? | | # ###???????## ### ## #???????????? | | # #????????## ## #???????????? | | # #????????# ###?????????? | | # ###??????# ##????????? | | # ##??????# #????????? | | ####???## #????????? | | #???## ## ##????????? | | # #???# #####?????????? | | ## ### #???# """ g#### #?????? | | ## #?# #???## """g##??# """ #?????? | | # #?# #???## """ ##??# """ #?????? | | #?# ##### """ #??# """ #?????? | | #### ## #??# #?????? | | #### #??# """ #?????? | | ##?# ##### """ #?????? | | ##??# """ #?????? | | ????## #?????? | | ?????######### ###### #?????? | | ?????????????## #????########?????? | | ??????????????# #?????????????????? | | ??????????????## ##?????????????????? | | ???????????????#####??????????????????? | | ??????????????????????????????????????? | | ??????????????????????????????????????? | +----------------------------------------------------+ Best States ------------- Heat Dissipation 25 Energy Generation 14 Energy Capacity 250 Matter Stores 300 Matter Capacity 300 Sight Range 16 Terrain Scan Density 10 Evasion (%) 44 Recoil Reduction 1 Item Schematics ----------------- None Robot Schematics ------------------ None Fabricated ------------ Nothing Alien Tech Used ----------------- None Achievements -------------- None Challenges ------------ None Game ------ Seed CoreArcShielding Manual? 0 Play Time 00:13:10 Cumulative 192.5 hours Start 2021.08.21 @ 18:21:15 End 2021.08.21 @ 18:31:35 Sessions 1 Manual Loads 0 Difficulty Rogue Special Mode None Game No. 142 Rogue 142 Adventurer 0 Explorer 0 Win Type - Total 7 Types 5/0/1/0/0/0/0/1/0 Lore% 85 Gallery% 72 Achievement% 60 Wizard Run 0 Options --------- ASCII 0 Keyboard 1 Movement Arrows Keybinds 0 Fullscreen 1 Font 18/SmallcapsGlow Map View 76x50 Tactical HUD 1 Map Filters NONE Filters NONE Steam 1 RUN: fe2f0f10-e084-4137-9a73-0773a0836731